 Dungeon Crawl Stone Soup version 0.26-a0-964-g69f9a3b9e2 (webtiles) character file.

Game seed: 15315765886331005454

488 lunkers the Chiller (level 6, -8/44 HPs)
             Began as a Vampire Ice Elementalist on Dec 2, 2020.
             Hit by a silver boomerang thrown by an orc warrior (19 damage)
             ... on level 5 of the Dungeon.
             The game lasted 00:06:58 (4535 turns).

lunkers the Chiller (Vampire Ice Elementalist)      Turns: 4535, Time: 00:06:58

Health: -8/44      AC:  8    Str: 13    XL:     6   Next: 90%
Magic:  10/10      EV: 13    Int: 19    God:
Gold:   255        SH:  0    Dex: 15    Spells: 4/11 levels left

rFire    . . .     SeeInvis +   c - +2 dagger (venom)
rCold    . . .     Faith    .   (no shield)
rNeg     . . .     Spirit   .   a - +0 robe
rPois    .         Reflect  .   (no helmet)
rElec    .         Harm     .   (no cloak)
rCorr    .         Rampage  .   g - +1 pair of gloves
MR       .....                  (no boots)
Stlth    ++........             r - amulet of magic regeneration
HPRegen  0.34/turn              i - +6 ring of strength
MPRegen  0.37/turn              t - +4 ring of protection

@: regenerating quickly
A: fangs 3, see invisible, unbreathing
a: Exsanguinate


You were on level 5 of the Dungeon.
You visited 1 branch of the dungeon, and saw 5 of its levels.

You collected 255 gold pieces.

Inventory:

Hand Weapons
 c - a +2 dagger of venom (weapon)
Armour
 a - a +0 robe (worn)
 g - a +1 pair of gloves (worn)
Jewellery
 i - a +6 ring of strength (left hand)
 r - an amulet of magic regeneration (around neck)
 t - a +4 ring of protection (right hand)
Scrolls
 b - 3 scrolls of teleportation
 e - 7 scrolls of identify
 f - 5 scrolls of remove curse
 h - a scroll of immolation {unknown}
 n - a scroll of amnesia {unknown}
 o - a scroll of noise {unknown}
 p - a scroll of enchant weapon {unknown}
 s - a scroll of enchant armour {unknown}
 u - a scroll of fog {unknown}
 v - 2 scrolls of random uselessness {unknown}
Potions
 d - 2 potions of curing
 j - 2 potions of lignification {unknown}
 k - a potion of brilliance {unknown}
 l - a potion of haste {unknown}
 m - a potion of resistance {unknown}
 q - a potion of flight {unknown}


   Skills:
 + Level 2.0 Fighting
 - Level 2.1 Dodging
 - Level 3.0 Stealth
 + Level 3.0 Spellcasting
 * Level 7.5 Ice Magic


You had 4 spell levels left.
You knew the following spells:

 Your Spells              Type           Power        Failure   Level
a - Freeze                Ice            ####         1%          1
b - Frozen Ramparts       Ice            ####..       1%          3
c - Ozocubu's Armour      Ice            ####....     1%          3

Your spell library contained the following spells:

 Spells                   Type           Power        Failure   Level
 Hailstorm                Conj/Ice       ###.....     32%         4
 Summon Ice Beast         Ice/Summ       ###.....     32%         4


Dungeon Overview and Level Annotations

Branches:
Dungeon (5/15)
 Temple: D:4-7

Altars:
Elyvilon
Kikubaaqudgha
Makhleb
Nemelex Xobeh
Qazlal
Ru
Zin

Annotations:
D:4 3 runed translucent doors, lordvenom1's ghost, amateur HaFi


Innate Abilities, Weirdness & Mutations

Your natural rate of healing is unusually fast.
You have razor-sharp teeth.
You have supernaturally acute eyesight. (SInv)
You can survive without breathing.


Message History

The wall freezes the orc warrior.
The orc warrior throws a silver boomerang.
The silver boomerang hits you!
* * * LOW HITPOINT WARNING * * *
* * * LOW HITPOINT WARNING * * *
The weapon returns to the orc warrior!
The wall freezes the orc warrior.
The orc warrior throws a silver boomerang.
The silver boomerang hits you!
* * * LOW HITPOINT WARNING * * *
* * * LOW HITPOINT WARNING * * *
You aren't carrying any items that you can evoke.
The wall freezes the orc warrior.
The orc warrior throws a silver boomerang.
The silver boomerang completely misses you.
The weapon returns to the orc warrior!
The frozen ramparts melt away.
The orc warrior throws a silver boomerang.
The silver boomerang hits you!!
You die...

##..# ##.# . #.###
#.####### ##...###
......... #..#...###
...o....#
##........#####......#
#...........'.###....####
#........#.##...###.....#
...........#..#.@.#####.#
.#........##........###.#
..........#...†.......o.#
#........##.......)#.####
###...#..#...........#
..###...##.#........##
#...###.#...........#
......#####........##
........#.###...#..#


You could see an orc warrior.

Vanquished Creatures
  A bullfrog (D:5)
  Blork the orc (D:5)
  A scorpion (D:5)
  2 bullfrog skeletons (D:5)
  An orc wizard (D:5)
  A worker ant (D:4)
  A hound zombie (D:5)
  3 adders
  A howler monkey skeleton (D:4)
  A shadow imp (D:5)
  2 white imps (D:5)
  An ooze (D:5)
  An adder zombie (D:5)
  A worm (D:3)
  4 leopard geckos
  15 orcs
  A ball python (D:3)
  5 giant cockroaches
  4 goblins
  5 hobgoblins
  10 jackals
  2 quokkas
  5 bats
  4 frilled lizards
  A jackal skeleton (D:4)
  12 kobolds
  9 rats
95 creatures vanquished.

Vanquished Creatures (others)
  An adder (D:3)
  An orc (D:3)
2 creatures vanquished.

Grand Total: 97 creatures vanquished

Notes
Turn   | Place    | Note
-------+----------+-------------------------------------------
     0 | D:1      | lunkers the Vampire Ice Elementalist began the quest for
                  | the Orb.
     0 | D:1      | Reached XP level 1. HP: 13/13 MP: 3/3
   191 | D:1      | Reached XP level 2. HP: 19/19 MP: 1/5
   561 | D:1      | Reached skill level 5 in Ice Magic
   563 | D:1      | Reached XP level 3. HP: 21/24 MP: 1/6
   797 | D:1      | Learned a level 3 spell: Frozen Ramparts
  1013 | D:2      | Found a sacrificial altar of Ru.
  1375 | D:2      | Found a sparkling altar of Nemelex Xobeh.
  1440 | D:3      | Reached XP level 4. HP: 30/30 MP: 2/7
  1710 | D:3      | Reached skill level 6 in Ice Magic
  2327 | D:4      | Found a white marble altar of Elyvilon.
  2388 | D:4      | Reached XP level 5. HP: 21/35 MP: 1/8
  2525 | D:4      | Found a stormy altar of Qazlal.
  2834 | D:4      | Found a runed translucent gate.
  2835 | D:4      | Found a runed translucent gate.
  2835 | D:4      | Found a runed translucent gate.
  2837 | D:4      | Noticed lordvenom1's ghost (amateur HaFi)
  3369 | D:5      | Entered Level 5 of the Dungeon
  3705 | D:5      | Found an ancient bone altar of Kikubaaqudgha.
  3834 | D:5      | Learned a level 3 spell: Ozocubu's Armour
  3858 | D:5      | Reached skill level 1 in Fighting
  3875 | D:5      | Reached skill level 7 in Ice Magic
  3875 | D:5      | Reached XP level 6. HP: 36/43 MP: 9/9
  4226 | D:5      | Found a burning altar of Makhleb.
  4229 | D:5      | Found a glowing silver altar of Zin.
  4230 | D:5      | Noticed an angel
  4232 | D:5      | Noticed a green death
  4254 | D:5      | Noticed an orc warrior
  4275 | D:5      | HP: 2/44 [orc warrior/silver boomerang (1)]
  4448 | D:5      | Noticed Blork the orc
  4463 | D:5      | Killed Blork the orc
  4535 | D:5      | Hit by a silver boomerang thrown by an orc warrior

Illustrated notes

Levels and vault maps discovered:
D:1:      dpeg_arrival_windows_large_door, layout_basic, minmay_tromino_v7
D:2:      layout_basic, lemuel_round_altar, nemelex_xobeh_ov_fountains_minmay,
          lemuel_blue_sif_altar, nicolae_ru_sacrificial_ziggurat,
          uniq_crazy_yiuf_cottage
D:3:      layout_loops_cross, hex_tiny, lemuel_old_faithful
D:4:      layout_loops_ring, elyvilon_altar_3, nicolae_overflow_crystal_walls,
          gammafunk_ghost_necromancy, serial_rivers,
          chequers_serial_rivers_micro_a, chequers_serial_rivers_small_3,
          chequers_serial_rivers_room_b, chequers_serial_rivers_marsh,
          chequers_serial_rivers_micro_c, wad_orctagon
D:5:      minmay_skewed_foursquare, layout_rooms,
          grunt_temple_overflow_order_and_chaos_2, kennysheep_little_box,
          serial_co_window_serial, co_window_corner_a, co_window_corner_a,
          co_window_paths_a, co_window_paths_b, co_window_of_opportunity_a,
          co_window_corner_a, co_window_corner_a, co_window_paths_c,
          co_window_cross_3, co_window_corner_b, co_window_paths_c,
          glass_columns_a, glass_columns_b, glass_columns_a, uniq_blork_the_orc

Skill      XL: |  1  2  3  4  5  6 |
---------------+-------------------+-----
Ice Magic      | 5 6 7 |  7.5
Fighting       | 1 2 |  2.0
Spellcasting   | 3 |  3.0
Dodging        | |  2.1
Stealth        | |  3.0

Action                   |  1- 3 |  4- 6 || total
-------------------------+-------+-------++-------
Melee: Dagger            |    11 |    74 ||    85
       Bite              |     1 |     8 ||     9
 Cast: Freeze            |    61 |    55 ||   116
       Frozen Ramparts   |       |     9 ||     9
  Use: Scroll            |       |     3 ||     3
 Stab: Sleeping          |       |     1 ||     1
Armor: Robe              |    15 |    34 ||    49
Dodge: Dodged            |    50 |    77 ||   127

Table legend: (Time is in decaauts)
 A = Elapsed time spent in this place.
 B = Non-inter-level travel time spent in this place.
 C = Inter-level travel time spent in this place.
 D = Time resting spent in this place.
 E = Time spent auto-exploring this place.
 F = Levels seen in this place.
 G = Mean time per level.
                   A        B        C        D        E       F      G
               +--------+--------+--------+--------+--------+-----+--------+
         Total |   4544 |   4427 |    117 |    152 |   3500 |   5 |  908.8 |
       Dungeon |   4544 |   4427 |    117 |    152 |   3500 |   5 |  908.8 |
               +--------+--------+--------+--------+--------+-----+--------+

Top non-repeatable levels by time:
     D:5: 1165 daAuts
     D:4: 1094 daAuts
     D:1: 873 daAuts
     D:3: 861 daAuts
     D:2: 550 daAuts
